AoeStats
← CobraKaiMx

Arabia

510583790Analyzed
1v1 RM · 12h ago on Oct 1, 2026· 24m 32s· 2 players
Game mode
Random Map
Map size
Tiny (2 player)
Population
200
Speed
Normal
Resources
Standard
Victory
Conquest
Starting age
Dark Age
Ending age
Imperial Age
RankedLock teamsTeams togetherTeam positionsShared explorationLock speedFull tech treeHidden civsTurbo modeCheats
Victory
Defeat
🇲🇽 Malay · Mexico
1301
+16
🇮🇳 Britons · India
1298
-16
The_Gremlin15
7:02 Loom
9:03 Feudal Age
10:22 Double-Bit Axe
13:21 Horse Collar
18:31 Fletching
19:43 Scale Barding Armor
CobraKaiMx
7:03 Loom
9:21 Feudal Age
8:36 Man-at-Arms
9:50 Double-Bit Axe
16:16 Gold Mining
16:26 Fletching
17:19 Wheelbarrow
22:29 Castle Age
21:01 Padded Archer Armor
22:15 Bodkin Arrow
21:55 Crossbowman
24:38 Leather Archer Armor
Connection lost

Rejoining the realm…

Still unreachable

The connection could not be restored.

Session expired

The server has moved on; the page needs a fresh start.